 Dungeon Crawl Stone Soup version 0.30-a0-134-gb40fab5c76 (webtiles) character file.

Game seed: 13327408616065996308

20 greasedhog the Sneak (level 2, -1/15 HPs)
             Began as a Gargoyle Enchanter on Sept 19, 2022.
             Slain by a gnoll
             ... wielding a +0 club
              (5 damage)
             ... on level 1 of the Dungeon.
             The game lasted 00:01:11 (959 turns).

greasedhog the Sneak (Gargoyle Enchanter)            Turns: 959, Time: 00:01:12

Health: -1/15      AC:  6    Str: 11    XL:     2   Next: 79%
Magic:  3/5        EV: 11    Int: 15    God:
Gold:   32         SH:  0    Dex: 10    Spells: 3/5 levels left

rFire   . . .      SeeInvis .    a - +1 dagger
rCold   . . .      Faith    .    (no shield)
rNeg    + . .      Spirit   .    f - +0 leather armour
rPois   ∞          Reflect  .    g - +0 helmet
rElec   +          Harm     .    (no cloak)
rCorr   .          Rampage  .    (no gloves)
Will    .....                    (no boots)
Stlth   ++........               (no amulet)
HPRegen 0.05/turn                (no ring)
MPRegen 0.09/turn                (no ring)

@: very slightly contaminated
A: sickness immunity, AC +2, negative energy resistance 1, electricity
resistance, torment resistance 1, petrification resistance
a: no special abilities


You were on level 1 of the Dungeon.
You visited 1 branch of the dungeon, and saw 1 of its levels.

You collected 32 gold pieces.

Inventory:

Hand Weapons
 a - a +1 dagger (weapon)
Armour
 f - a +0 leather armour (worn)
 g - a +0 helmet (worn)
Potions
 c - 2 potions of invisibility
 e - a potion of heal wounds {unknown}


   Skills:
 * Level 1.5 Short Blades
 - Level 1.5 Dodging
 * Level 3.7 Stealth
 - Level 2.0 Spellcasting
 * Level 3.0 Hexes


You had 3 spell levels left.
You knew the following spells:

 Your Spells              Type           Power      Damage    Failure   Level
a - Ensorcelled Hibernat  Hex/Ice        12%        N/A       24%         2

Your spell library contained the following spells:

 Spells                   Type           Power      Damage    Failure   Level
 Confusing Touch          Hex            10%        N/A       26%         3
 Tukima's Dance           Hex            10%        N/A       26%         3
 Dazzling Flash           Conj/Hex       12%        N/A       43%         3


Dungeon Overview and Level Annotations

Branches:
Dungeon (1/15)

Altars:


Innate Abilities, Weirdness & Mutations

You are immune to sickness and miasma.
Your stone body is resilient. (AC +2)
You are immune to poison.
You resist negative energy. (rN+)
You are resistant to electric shocks. (rElec)
You are resistant to unholy torment.
You are immune to petrification.


Message History

You are too injured to fight recklessly!
Unknown command.
The jackal attacks as you move away! The jackal closely misses you.
The jackal bites you but does no damage.
Things that are here:
an amulet of faith; a +1 robe The jackal closely misses you.
The jackal attacks as you move away!
The jackal bites you but does no damage.
You hit the jackal.
The jackal is severely wounded.
The jackal bites you.
You hit the jackal.
You kill the jackal!
You hit the jackal.
The jackal is lightly wounded.
The jackal bites you but does no damage.
You barely miss the jackal.
The jackal is lightly wounded.
The jackal closely misses you. x2
You hit the jackal.
The jackal is heavily wounded.
The jackal bites you but does no damage.
You closely miss the jackal.
The jackal is heavily wounded.
The jackal barely misses you. The jackal bites you.
* * * LOW HITPOINT WARNING * * *
You hit the jackal.
You kill the jackal!
Nothing quivered!
Casting: Ensorcelled Hibernation (extremely dangerous; 24% risk of failure)
Confirm with . or Enter, or press ? or * to list all spells.
The spell is extremely dangerous to miscast (24% risk of failure)!
Continue anyway?
Aiming: Ensorcelled Hibernation (extremely dangerous; 24% risk of failure)
Press: ? - help, Shift-Dir - straight line, f - gnoll
Aim: a gnoll, wielding a +0 club (chance to affect: 49%)
You miscast Ensorcelled Hibernation.
You are very lightly contaminated with residual magic.
Nothing appears to happen.
The gnoll hits you with a +0 club.
You die...

######***********##..######
......,,,,,,,,,,,,..>.....#
#*****************#.†..[..#
# ####.......# #
######$."...######** #
#.................,* #
#...##h#....######,**** #
#.,,*#g#.........#,*,,, #
*,,,*#@#....####.#,*,** #
*,,,*#.###..# #.#,*,* #
*,,,,...,#..# #.#,*,*
*,,,.#.#.#..# #.#,*,*
*,,..#.#.#..# #†#,*,*
**.#,#.#.#..# #.#,*,*
#.*,#.#.#..# #.#,*,*
#,#.#.#.#..# #.#,*,*
#.#.#.#.#..####.#,*,*


You could see a gnoll and a jackal.

Vanquished Creatures
  A dart slug (D:1)
  A ball python (D:1)
  2 giant cockroaches (D:1)
  3 hobgoblins (D:1)
  3 jackals (D:1)
  A bat (D:1)
  A frilled lizard (D:1)
  A kobold (D:1)
  2 rats (D:1)
15 creatures vanquished.

Vanquished Creatures (collateral kills)
  A hobgoblin (D:1)
1 creature vanquished.

Grand Total: 16 creatures vanquished

Notes
Turn   | Place    | Note
-------+----------+-------------------------------------------
     0 | D:1      | greasedhog the Gargoyle Enchanter began the quest for the
                  | Orb.
     0 | D:1      | Reached XP level 1. HP: 10/10 MP: 3/3
    67 | D:1      | Reached skill level 1 in Short Blades
   353 | D:1      | Found a faded altar of an unknown god.
   437 | D:1      | Reached XP level 2. HP: 10/15 MP: 5/5
   896 | D:1      | Learned a level 2 spell: Ensorcelled Hibernation
   959 | D:1      | Slain by a gnoll

Illustrated notes

Levels and vault maps discovered:
D:1:      scummos_arrival_simple_crosswalls, layout_basic,
          hellmonk_ecumenical_altar_run_dry

Skill      XL: |  1  2 |
---------------+-------+-----
Short Blades   | 1 |  1.5
Hexes          | 3 |  3.0
Dodging        | |  1.5
Stealth        | |  3.7
Spellcasting   | |  2.0

Action                   || total
-------------------------++-------
Melee: Dagger            ||    90
  Use: Scroll            ||     4
 Stab: Sleeping          ||     3
Armor: Robe              ||    27
       Leather armour    ||    10
Dodge: Dodged            ||    48

Table legend: (Time is in decaauts)
 A = Elapsed time spent in this place.
 B = Non-inter-level travel time spent in this place.
 C = Inter-level travel time spent in this place.
 D = Time resting spent in this place.
 E = Time spent auto-exploring this place.
 F = Levels seen in this place.
 G = Mean time per level.
                   A        B        C        D        E       F      G
               +--------+--------+--------+--------+--------+-----+--------+
         Total |    954 |    954 |      0 |    245 |    522 |   1 |  954.0 |
       Dungeon |    954 |    954 |      0 |    245 |    522 |   1 |  954.0 |
               +--------+--------+--------+--------+--------+-----+--------+

Top non-repeatable levels by time:
     D:1: 954 daAuts
